Map: Odyssey LE

Players

Winthrowe

  • Race: Terran Terran
  • League: Silver
  • Spawn Location: 5:00

Nikitta

  • Race: Protoss Protoss

VOD

Have the link to the VOD?

Description

Time

  • Played on: Aug. 30, 2017, 8:23 p.m.
  • Length: 22:52
Show
View Real Time Build Order
Export as new Build Order

Winthrowe Terran 

Build Orders:  

Get SALT Encoding   

  12  0:05  SCV  
  13  0:29  SCV  
  14  0:37  Supply Depot  
  14  0:46  SCV  
  15  1:07  SCV  
  16  1:16  Barracks  
  16  1:24  SCV  
  17  1:32  Refinery  
  17  1:41  SCV  
  18  1:58  SCV  
  19  2:15  SCV  
  20  2:24  Marine  
  20  2:27  Barracks  
  21  2:32  SCV  
  22  2:49  SCV  
  23  3:05  Command Center  
  23  3:24  Supply Depot  
  23  3:54  Supply Depot, SCV, Marine x2  
  26  4:10  SCV  
  26  4:12  Factory  
  26  4:18  Marine x2  
  26  4:19  Refinery  
  29  4:27  SCV  
  30  4:40  Supply Depot  
  30  4:44  SCV  
  30  4:47  Barracks Tech Lab x2  
  31  4:53  SCV  
  32  5:01  SCV  
  33  5:10  SCV  
  33  5:19  SCV  
  35  5:20  Combat Shields  
  35  5:22  Stimpack  
  35  5:27  SCV  
  36  5:36  Supply Depot, SCV  
  36  5:39  Marine x2  
  39  5:44  SCV  
  40  5:51  Starport  
  40  5:53  SCV  
  40  5:55  Factory Reactor  
  41  6:01  SCV  
  42  6:14  Supply Depot  
  42  6:18  SCV  
  43  6:22  SCV  
  43  6:24  Marine  
  43  6:28  Marine  
  46  6:35  SCV  
  46  6:39  SCV  
  48  6:52  SCV  
  48  6:55  SCV  
  48  6:59  Supply Depot  
  50  7:06  Supply Depot  
  50  7:09  SCV  
  44  7:10  Concussive Shells  
  51  7:12  SCV  
  51  7:14  Marine x2  
  54  7:25  SCV  
  54  7:29  SCV  
  56  7:44  Marine  
  56  7:45  Marine  
  58  7:50  Command Center  
  58  7:51  Medivac x2  
  62  8:04  Engineering Bay  
  62  8:06  Factory Reactor  
  62  8:11  Marine x2  
  62  8:13  Engineering Bay  
  64  8:23  Supply Depot  
  64  8:41  Marine x2  
  64  8:48  Viking  
  64  8:49  Viking  
  70  8:52  SCV  
  70  8:55  Supply Depot  
  71  9:09  SCV  
  72  9:15  Supply Depot  
  72  9:25  Marine  
  72  9:26  Marine, SCV  
  75  9:47  Armory  
  75  9:53  Marine x2, Armory  
  75  9:54  Marine  
  75  9:57  Siege Tank  
  75  9:58  SCV  
  82  10:00  Medivac  
  82  10:08  Medivac  
  86  10:15  SCV  
  86  10:18  Marine  
  88  10:20  Supply Depot  
  88  10:32  SCV  
  87  10:49  SCV  
  86  10:58  Marine x2  
  86  10:59  Marauder  
  90  11:06  SCV  
  90  11:07  Viking  
  90  11:08  Viking  
  95  11:13  Hellbat  
  95  11:17  Refinery  
  97  11:20  SCV  
  97  11:23  Marine x2  
  97  11:29  Marauder  
  102  11:37  SCV  
  103  11:43  Hellbat  
  103  11:48  Marine x2  
  107  11:54  SCV, Refinery  
  107  11:59  Marauder  
  110  12:02  Barracks  
  110  12:09  Medivac  
  112  12:10  Medivac  
  112  12:11  SCV  
  112  12:13  Marine x2, Hellbat  
  112  12:17  SCV  
  120  12:34  SCV  
  121  12:48  Marauder, Marine x2  
  125  13:09  Barracks, Orbital Command  
  125  13:13  Marine x2  
  125  13:15  Barracks Reactor  
  127  13:22  Terran Infantry Armor Level 1, Terran Infantry Weapons Level 1  
  127  13:48  Planetary Fortress  
  127  13:51  Terran Vehicle Weapons Level 1  
  127  13:56  Terran Vehicle And Ship Armor Level 1  
  127  14:04  Marine  
  127  14:05  Marine  
  127  14:07  Marine x2  
  127  14:09  Marauder  
  133  14:18  Barracks Reactor  
  133  14:29  Marine  
  134  14:30  Marine  
  134  14:32  Marine x2  
  134  14:39  Marauder  
  139  14:56  Supply Depot  
  139  15:11  Marauder  
  141  15:26  Marine x4, Medivac x2  
  149  15:38  Supply Depot  
  149  15:42  Supply Depot  
  149  16:08  Marine x2, Thor  
  157  16:15  Supply Depot  
  157  16:31  Marine x2  
  157  16:32  Marine x3  
  162  17:36  Missile Turret  
  162  17:42  Missile Turret  
  162  18:09  SCV  
  163  18:11  Missile Turret  
  163  18:35  Command Center  
  163  18:52  Missile Turret  
  160  19:22  Missile Turret  
  160  19:33  Supply Depot  
  160  20:05  Supply Depot  
  160  20:06  Supply Depot  
  156  20:32  Marauder  
  156  20:34  Marine  
  156  20:35  Marine x5  
  156  20:36  Supply Depot  
  162  20:42  Thor  
  162  20:46  Missile Turret  
  162  20:48  Viking x2  
  170  20:59  Supply Depot, Marine  
  170  21:00  Marine x5  
  170  21:02  Marauder  
  176  21:24  Marine  
  176  21:25  Marine x5  
  181  21:30  Viking x2  
  181  21:32  Marauder  
  184  21:42  Thor  
  184  21:49  Marine  
  189  21:50  Marine x5  
  189  21:51  Refinery  
  189  21:57  Supply Depot  
  193  22:01  Marauder  
  193  22:14  Marine  
  193  22:15  Marine x2  
  193  22:29  Supply Depot  
Show
View Real Time Build Order
Export as new Build Order

Nikitta Protoss 

Build Orders:  

Get SALT Encoding   

Tags
 
League
Silver
Matchup
Co-op
Add a new tag
Caveats
  • Supply blocks, unpowered buildings, or Contaminate may cause inaccurate times.
  • Supply counts are checked every 10 seconds.